 Dungeon Crawl Stone Soup version 0.20-a0-903-g7e3609c (webtiles) character file.

259 Hook the Grave Robber (level 5, 0/35 HPs)
             Began as a Vampire Necromancer on Mar 21, 2017.
             Slain by a bullfrog skeleton (6 damage)
             ... on level 4 of the Dungeon.
             The game lasted 00:20:47 (5551 turns).

Hook the Grave Robber (Vampire Necromancer)         Turns: 5551, Time: 00:20:48

Health: 0/35       AC:  3    Str:  7    XL:     5   Next: 94%
Magic:  17/20      EV: 14    Int: 19    God:
Gold:   176        SH:  0    Dex: 14    Spells: 0/12 levels left

rFire    . . .     SeeInvis +   q - +0 dagger
rCold    + . .     Gourm    .   a - +1 robe
rNeg     + + .     Faith    .   (no shield)
rPois    +         Spirit   .   (no helmet)
rElec    .         Reflect  .   (no cloak)
rCorr    .         Harm     .   (no gloves)
MR       +....                  (no boots)
Stlth    ++++......             g - amulet of regeneration
Regen    0.8/turn               t - ring of protection from magic
MPRegen  0.2/turn               v - ring of magical power

@: regenerating
A: fangs 3, see invisible, unbreathing
a: Bat Form


You were on level 4 of the Dungeon.
You were thirsty.

You visited 1 branch of the dungeon, and saw 4 of its levels.
You also visited: Sewer.

You collected 176 gold pieces.

Inventory:

Hand Weapons
 f - a +0 spear
 q - a +0 dagger (weapon)
Missiles
 p - 91 stones (quivered)
Armour
 a - a +1 robe (worn)
Jewellery
 d - an uncursed ring of fire
 g - an amulet of regeneration (around neck)
 l - an uncursed ring of stealth {unknown}
 t - a ring of protection from magic (right hand)
 v - a ring of magical power (left hand)
Scrolls
 j - a scroll of fear {unknown}
 k - a scroll of identify
 m - a scroll of remove curse {unknown}
 o - a scroll of recharging {unknown}
 s - 2 scrolls of magic mapping {unknown}
Potions
 c - a potion of blood
 e - a potion of agility {unknown}
 i - 2 potions of heal wounds {unknown}
 n - 4 potions of flight {unknown}
 r - 2 potions of curing {unknown}
Books
 b - a book of Necromancy

   Spells                             Type                      Level
   a - Pain                           Necromancy                   1
   b - Animate Skeleton               Necromancy                   1
   c - Vampiric Draining              Necromancy                   3
   d - Regeneration                   Charms/Necromancy            3
   e - Animate Dead                   Necromancy                   4
   f - Control Undead                 Necromancy                   4
 u - a book of Maledictions

   Spells                             Type                      Level
   a - Corona                         Hexes                        1
   b - Ensorcelled Hibernation        Hexes/Ice                    2
   c - Confuse                        Hexes                        3
   d - Tukima's Dance                 Hexes                        3
   e - Dazzling Spray                 Conjuration/Hexes            3
Comestibles
 h - a royal jelly


   Skills:
 * Level 4.2 Dodging
 + Level 4.1 Stealth
 * Level 4.1 Spellcasting
 + Level 5.0 Necromancy


You couldn't memorise any spells.
You knew the following spells:

 Your Spells              Type           Power        Failure   Level  Hunger
a - Pain                  Necr           ###.         1%          1    None
b - Animate Skeleton      Necr           N/A          1%          1    None
c - Vampiric Draining     Necr           ###.......   6%          3    ###....
d - Regeneration          Chrm/Necr      ##........   14%         3    ###....
e - Animate Dead          Necr           N/A          17%         4    ####...


Dungeon Overview and Level Annotations

Branches:
Dungeon (4/15)
 Temple: D:4-7

Altars:

Annotations:
D:3 DEFE's ghost, weakling DEAK


Innate Abilities, Weirdness & Mutations

You heal slowly.
You have razor-sharp teeth.
You have supernaturally acute eyesight. (SInv)
You can survive without breathing.


Message History

* * * LOW HITPOINT WARNING * * *
You see here a trident.
The bullfrog skeleton barely misses you.
Things that are here:
a flail; 3 tomahawks of returning The bullfrog skeleton hits you.
* * * LOW HITPOINT WARNING * * *
Things that are here:
a ring mail; an orc corpse The bullfrog skeleton closely misses you.
The bullfrog skeleton hits you.
* * * LOW HITPOINT WARNING * * *
The bullfrog skeleton closely misses you.
The bullfrog skeleton hits you.
* * * LOW HITPOINT WARNING * * *
There is an escape hatch in the floor here.
Casting: Vampiric Draining
Confirm with . or Enter, or press ? or * to list all spells.
Your skin crawls.
The bullfrog skeleton hits you.
You die...

####### #..>..# ######
#.....# ......# #####
#.....# ......#
#.@Z###.....#######
......#
#.#..##..........[.
......#
#.##........#######
......### #.##........#
.........## #.##.#......#
......# ..# #.#.........#
...#..###.# #.#..##..####
........#.#####........##
#
...#.##.................#
####


You could see a bullfrog skeleton.

Vanquished Creatures
  A big kobold (Sewer)
  An orc priest (D:4)
  Natasha (D:4)
  An adder (D:3)
  3 river rats
  3 worms
  A dart slug (D:1)
  A leopard gecko (D:2)
  3 orcs
  7 giant cockroaches
  6 goblins
  8 hobgoblins
  13 jackals
  11 kobolds
  A ball python (D:3)
  6 bats
  9 frilled lizards
  15 rats
91 creatures vanquished.

Notes
Turn   | Place    | Note
-------+----------+-------------------------------------------
     0 | D:1      | Hook the Vampire Necromancer began the quest for the Orb.
     0 | D:1      | Reached XP level 1. HP: 13/13 MP: 3/3
   466 | D:1      | Reached XP level 2. HP: 12/19 MP: 1/5
   624 | D:1      | Learned a level 1 spell: Animate Skeleton
  1417 | D:1      | Reached XP level 3. HP: 19/24 MP: 4/7
  1845 | D:2      | Learned a level 3 spell: Vampiric Draining
  1849 | D:2      | Learned a level 3 spell: Regeneration
  3444 | D:2      | Reached XP level 4. HP: 29/30 MP: 6/8
  3816 | D:3      | Found a glowing drain.
  4108 | Sewer    | Entered a sewer
  4265 | Sewer    | Noticed a big kobold
  4322 | Sewer    | Killed a big kobold
  4322 | Sewer    | Reached XP level 5. HP: 15/35 MP: 1/10
  4686 | Sewer    | Found a white marble altar of Elyvilon.
  5059 | D:3      | Noticed DEFE's ghost (weakling DEAK)
  5277 | D:4      | Noticed Natasha
  5287 | D:4      | Killed Natasha
  5406 | D:4      | Reached skill level 5 in Necromancy
  5488 | D:4      | Learned a level 4 spell: Animate Dead
  5551 | D:4      | Slain by a bullfrog skeleton

Vault maps used:
D:1:      doesnt_arrival_goblin_jail
D:3:      first_bread, portal_sewer_entry_a, minmay_parallelograms,
          uniq_crazy_yiuf_cottage
D:4:      minmay_temple_entry_glass, uniq_natasha, uniq_blork_the_orc
Sewer:    sewer_kobolds

Skill      XL: |  1  2  3  4  5 |
---------------+----------------+-----
Spellcasting   | 3 4 |  4.1
Dodging        | 3 4 |  4.2
Stealth        | 4 |  4.1
Necromancy     | 5 |  5.0

Action                   |  1- 3 |  4- 6 || total
-------------------------+-------+-------++-------
Melee: Spear             |   121 |    67 ||   188
       Unarmed           |     9 |       ||     9
       Bite              |     6 |     5 ||    11
       Dagger            |       |    14 ||    14
 Cast: Pain              |    59 |    63 ||   122
       Animate Skeleton  |     6 |     6 ||    12
       Vampiric Draining |     2 |     4 ||     6
       Regeneration      |     1 |     2 ||     3
  Use: Scroll            |       |     5 ||     5
 Stab: Distracted        |     1 |       ||     1
       Sleeping          |     7 |     1 ||     8
  Eat: Corpse            |     5 |     7 ||    12
Armor: Robe              |    23 |     9 ||    32
Dodge: Dodged            |    91 |    78 ||   169
